 Dungeon Crawl Stone Soup version 0.18.1-48-g4cf74bf (webtiles) character file.

727497 dvd the Hoplite (level 27, -11/159 HPs)
             Began as a Gargoyle Gladiator on July 20, 2016.
             Was the Champion of Qazlal.
             Killed from afar by a Hell Sentinel (43 damage)
             ... with damnation
             ... on level 3 of the Iron City of Dis on Aug 1, 2016.
             The game lasted 05:42:27 (67752 turns).

dvd the Hoplite (Gargoyle Gladiator)               Turns: 67752, Time: 05:42:28

Health: -11/159    AC: 58    Str: 35      XL:     27
Magic:  34/44      EV: 30    Int: 14 (15) God:    Qazlal [******]
Gold:   5187       SH: 31    Dex: 31      Spells: 5 memorised, 19 levels left

rFire  + . .     SeeInvis +     a - +9 war axe (elec)
rCold  + . .     Gourm    .     Y - +6 scale mail {MR+}
rNeg   + . .     Faith    .     Z - +3 buckler {rF+}
rPois  ∞         Spirit   .     j - +2 helmet of Seunon {Dex+8}
rElec  +         Dismiss  .     x - +1 cloak of Resilience {Str+6 Dex+2}
rCorr  +         Reflect  +     J - +2 pair of gloves {Dex+3}
SustAt .         Harm     .     k - +0 pair of boots of Fejowo {Int+3 Slay+3}
MR     ++++.     Rnd*Tele +     d - amulet of the Nine Lives {Reflect MR+ SH+5}
Stlth  +.........               c - ring "Kunup" {*Corrode rElec rPois rC+ Dex+4 SInv}
                                U - ring "Gicemn" {rCorr MP+9 Dex+3 Slay+3}

@: mighty, protected from physical damage, flying, very slightly contaminated,
repel missiles, incredibly resistant to hostile enchantments, very unstealthy
A: big wings, large bone plates 1, yellow scales 2, blink, clumsy 2, deformed
body, deterioration 1, frail 1, negative energy resistance 1, regeneration 1,
shaggy fur 2, electricity resistance, teleportitis 1, unbreathing, petrification
resistance, rot immunity, AC +20
a: Stop Flying, Blink, Upheaval, Elemental Force, Disaster Area, Renounce
Religion
}: 5/15 runes: decaying, serpentine, slimy, silver, abyssal


You were on level 3 of the Iron City of Dis.
You worshipped Qazlal.
Qazlal was exalted by your worship.
You were not hungry.

You visited 13 branches of the dungeon, and saw 60 of its levels.
You visited the Abyss 1 time.
You visited 1 bazaar.
You also visited: Trove, Sewer, Ossuary, Ice Cave and Volcano.

You collected 8554 gold pieces.
You spent 3367 gold pieces at shops.

Inventory:

Hand Weapons
 a - a +9 war axe of electrocution (weapon)
 b - a +7 morningstar of freezing
 C - a +0 vampiric broad axe
Missiles
 u - 2 javelins of returning (quivered)
 M - 9 javelins of penetration
Armour
 j - the +2 helmet of Seunon (worn) {Dex+8}
   (You found it in a treasure trove)

   It affects your dexterity (+8).
 k - the +0 pair of boots of Fejowo (worn) {Int+3 Slay+3}
   (You found it in a treasure trove)

   It affects your intelligence (+3).
   It affects your accuracy and damage with ranged weapons and melee attacks
   (+3).
 s - the +3 large shield "Xyto" {-Cast Regen+ Str+2 Dex+7}
   (You acquired it on level 6 of the Pits of Slime)

   It affects your strength (+2).
   It affects your dexterity (+7).
   It prevents spellcasting.
   It increases your rate of regeneration.
 x - the +1 cloak of Resilience (worn) {Str+6 Dex+2}
   (You found it on level 1 of the Depths)

   It affects your strength (+6).
   It affects your dexterity (+2).
 B - the +2 cloak of Kiteip {rN+ Str+2 Int+4}
   (You found it on level 4 of the Vaults)

   It affects your strength (+2).
   It affects your intelligence (+4).
   It protects you from negative energy.
 I - the +2 pair of gloves of the Thirteen Seas {rPois Regen+ Int-3 Stlth+}
   (You found it on level 3 of the Elven Halls)

   It affects your intelligence (-3).
   It protects you from poison.
   It increases your rate of regeneration.
   It makes you more stealthy.
 J - a +2 pair of gloves of dexterity (worn)
 Q - a +2 large shield of positive energy
 Y - a +6 scale mail of magic resistance (worn)
 Z - a +3 buckler of fire resistance (worn)
Jewellery
 c - the ring "Kunup" (right hand) {*Corrode rElec rPois rC+ Dex+4 SInv}
   (You bought it in a shop in a bazaar)

   [ring of poison resistance]

   It affects your dexterity (+4).
   It protects you from cold.
   It insulates you from electricity.
   It protects you from poison.
   It lets you see invisible.
   It may corrode you when you take damage.
 d - the amulet of the Nine Lives (around neck) {Reflect MR+ SH+5}
   (You found it on level 6 of the Pits of Slime)

   [amulet of reflection]

   It shields you and reflects attacks.
   It affects your resistance to hostile enchantments.
   It affects your SH (+5).
 e - the amulet of Isiomo {Faith rF+ MP+9}
   (You found it on level 6 of the Pits of Slime)

   [amulet of faith]

   It allows you to gain divine favour quickly.
   It protects you from fire.
   It affects your magic capacity (+9).
 i - the ring of Oniada {rPois rF+ Str-4 Int+5 Dex+2}
   (You found it on level 2 of the Elven Halls)

   [ring of protection from fire]

   It affects your strength (-4).
   It affects your intelligence (+5).
   It affects your dexterity (+2).
   It protects you from fire.
   It protects you from poison.
 p - the ring "Heehad" {Ice rElec Int+4 Stlth+}
   (You found it in a treasure trove)

   [ring of ice]

   It enhances your ice magic, and weakens your fire magic.
   It affects your intelligence (+4).
   It makes you vulnerable to fire.
   It protects you from cold.
   It insulates you from electricity.
   It makes you more stealthy.
 L - a +6 ring of dexterity
 N - the ring "Emamur" {Wiz rElec Dex+5}
   (You found it on level 3 of the Crypt)

   [ring of wizardry]

   It improves your spell success rate.
   It affects your dexterity (+5).
   It insulates you from electricity.
 R - a cursed amulet of guardian spirit
 U - the ring "Gicemn" (left hand) {rCorr MP+9 Dex+3 Slay+3}
   (You found it on level 5 of the Vaults)

   [ring of resist corrosion]

   It affects your dexterity (+3).
   It affects your accuracy and damage with ranged weapons and melee attacks
   (+3).
   It affects your magic capacity (+9).
Wands
 D - a wand of teleportation (4/9)
 K - a wand of digging (17/24)
Scrolls
 r - 2 scrolls of recharging
 w - 21 scrolls of identify
 y - a scroll of enchant armour
 z - 5 scrolls of fear
 G - 27 scrolls of remove curse
 O - 5 scrolls of blinking
 P - 17 scrolls of teleportation
 S - 3 scrolls of fog
 X - a scroll of magic mapping
Potions
 l - 4 potions of haste
 m - 5 potions of magic
 n - 2 potions of heal wounds
 o - 6 potions of resistance
 E - 3 potions of agility
 F - 3 potions of ambrosia
 H - 4 potions of cancellation
 T - 6 potions of brilliance
 W - 17 potions of curing
Comestibles
 f - 34 bread rations
 g - 26 beef jerkies
 h - 15 royal jellies
 q - 28 meat rations
 v - 26 fruits


   Skills:
 + Level 19.2 Fighting
 * Level 23.2 Axes
 + Level 2.9(17.3) Maces & Flails
   Level 6.4(7.0) Slings
 + Level 4.0(5.8) Throwing
 * Level 21.5 Armour
 + Level 15.7 Dodging
 + Level 4.8 Stealth
 + Level 24.3 Shields
 * Level 7.6 Spellcasting
 + Level 1.5 Charms
 * Level 7.2 Summonings
 + Level 1.0 Necromancy
 + Level 7.6 Translocations
 + Level 1.2 Ice Magic
 + Level 5.4 Poison Magic
 + Level 17.1 Invocations
 + Level 0.6 Evocations


You had 19 spell levels left.
You knew the following spells:

 Your Spells              Type           Power        Failure   Level  Hunger
a - Olgreb's Toxic Radia  Pois           ###.....     24%         4    ####...
b - Borgnjor's Revivific  Necr           #.........   100%        8    #######
c - Blink                 Tloc           N/A          1%          2    None
d - Aura of Abjuration    Summ           ####......   28%         5    #####..
e - Ozocubu's Armour      Chrm/Ice       #.......     34%         3    ##.....


Dungeon Overview and Level Annotations

Branches:
Dungeon (15/15)            Temple (1/1) D:4            Lair (8/8) D:11
  Swamp (4/4) Lair:5        Snake (4/4) Lair:5        Slime (6/6) Lair:8
    Orc (2/2) D:11            Elf (3/3) Orc:2        Vaults (5/5) D:14
  Crypt (3/3) Vaults:3       Tomb (0/3) Crypt:3      Depths (5/5) D:15
   Hell (1/1)                 Dis (3/7) Hell            Geh (0/7) Hell
    Coc (0/7) Hell            Tar (0/7) Hell            Zot (0/5) Depths:5

Altars:
Ashenzari
Cheibriados
Dithmenos
Elyvilon
Fedhas
Gozag
Kikubaaqudgha
Makhleb
Nemelex Xobeh
Okawaru
Pakellas
Qazlal
Ru
Sif Muna
Trog
Vehumet
Xom
Yredelemnul
Zin
The Shining One
Beogh
Lugonu

Shops:
D:8 =[(:[   D:9 (   Orc:2 (%*   Elf:1 *=[(   Vaults:1 *   Vaults:5 *
Depths:3 !=

Portals:
Hell: Depths:1 Depths:2 Depths:3 Depths:4 Depths:5
Abyss: Depths:1 Depths:3 Depths:4 Depths:5
Pandemonium: Depths:3
Ziggurat: Depths:5


Innate Abilities, Weirdness & Mutations

You are resistant to torment.
Your stone body is resilient (AC +20).
You are immune to poison.
Your large and strong wings let you fly indefinitely.
You resist negative energy.
You are resistant to electric shocks.
You can survive without breathing.
You are immune to petrification.
You are immune to rotting.
You are partially covered in large bone plates (AC +2, SH +2).
You are mostly covered in yellow scales (AC +3).
You can translocate small distances at will.
You are very clumsy. (Dex -4)
Armour fits poorly on your strangely shaped body.
Your body sometimes deteriorates upon taking damage.
You are frail (-10% HP).
Your natural rate of healing is unusually fast.
You are covered in thick fur (AC +2).
You are occasionally teleported next to monsters.


Message History

You hit the Hell Sentinel but do no damage.
The Hell Sentinel is heavily wounded.
Unknown command.
Aiming: Upheaval
Press: ? - help, Dir - move target cursor, f - tormentor
Aim: a tormentor (almost dead) That beam is likely to hit you.
Continue anyway?
Magma suddenly erupts from the ground!
The blast of magma engulfs the tormentor.
The tormentor partially resists.
You kill the tormentor!
Qazlal accepts your kill.
The blast of magma engulfs the necrophage.
The necrophage is almost destroyed.
The blast of magma engulfs the Hell Sentinel.
The Hell Sentinel partially resists.
The Hell Sentinel is heavily wounded.
The Hell Sentinel gestures at you.
The damnation unfurls!
The damnation engulfs you!
You die...

#...#...# #...........
####'###### ####'####+#...
.#.)........ #.....#...'...
.#.......... ###.....#...#...
.§.......... ##.#.....'...#...
)########+#######....############
))...........#..##.#.#.§.....#...
......>......#W..###.#.......#...
.............#.§@# #.'.......#...
.............##1########'#####...
>............#n≈.#...§.§§....#...
#####........#≈.4'.....§.§...#...
##.......+...#...........#...
#.......##'##...........#...
#.......#...#...........#...
#.......'...#...2.......#...
#.....§.#...'...........#...


You could see a Hell Sentinel, a freezing wraith and a necrophage.

Vanquished Creatures
  the Royal Jelly (Slime:6)
  Khufu (Vaults:3)
  Mara (Snake:3)
  3 juggernauts
  3 greater mummies (Vaults:3)
  An ancient lich (Abyss:3)
  Sojobo (Crypt:1)
  Boris (Crypt:1)
  Saint Roka (Orc:2)
  Vashnia (Snake:3)
  A caustic shrike (Depths:3)
  Geryon (Hell)
  5 golden dragons
  Xtahua (Vaults:3)
  the Enchantress (Depths:2)
  4 bone dragons
  A profane servitor (Crypt:3)
  4 liches
  4 iron giants
  7 tentacled monstrosities
  Jorgrun (Crypt:1)
  An Ice Fiend (Dis:3)
  Asterion (Snake:3)
  2 deep elf blademasters (Elf:3)
  8 titans
  6 deep elf master archers (Elf:3)
  2 eldritch tentacles
  Murray (Depths:5)
  10 tentacled starspawn
  15 tengu reavers
  10 ancient champions
  42 acid blobs
  7 sphinxes
  The ghost of rockintein the Executioner, an adept MiBe of Trog (Swamp:4)
  Kirke (D:15)
  2 Executioners (Abyss:1)
  A thorn hunter (Swamp:1)
  Agnes (Snake:4)
  8 shadow dragons
  8 greater nagas
  4 storm dragons
  Roxanne (Swamp:2)
  20 azure jellies
  3 revenants
  Wiglaf (Vaults:1)
  13 fire giants
  Donald (Crypt:3)
  18 frost giants
  4 iron dragons
  2 balrugs (Hell)
  9 deep elf sorcerers
  Louise (Depths:3)
  4 spriggan defenders
  19 vault wardens
  A draconian scorcher (Depths:5)
  Aizul (Snake:2)
  3 deep elf elementalists
  6 ghouls
  A cacodemon (Abyss:3)
  16 ironheart preservers
  15 reapers
  3 war gargoyles
  The ghost of 8Hooves2Appendages the Frost Mage, a journeyman MfIE of Sif Muna (Depths:1)
  A draconian annihilator (Depths:5)
  19 stone giants
  8 vampire knights
  24 very ugly things
  3 yellow draconians (Depths:5)
  Nessos (Orc:2)
  3 green draconians (Depths:5)
  3 deep elf demonologists
  4 salamander stormcallers
  11 deep elf annihilators
  5 spark wasps
  13 death oozes
  4 eidola
  7 blizzard demons
  11 deep elf death magi
  2 green deaths (Swamp:4)
  16 jiangshi
  16 ettins
  10 fire dragons
  A mummy priest (Crypt:3)
  17 great orbs of eyes
  22 yaktaur captains
  A deep elf high priest (Depths:5)
  36 vault guards
  6 entropy weavers
  3 hell beasts
  9 naga warriors
  5 rakshasas
  16 hydras
  Erica (D:10)
  11 ice dragons
  6 centaur warriors
  A ghost crab (Swamp:3)
  10 anacondas
  11 ogre magi
  6 spriggan air magi
  35 dancing weapons
  3 alligators
  13 deep troll shamans
  4 death yaks (Lair:8)
  6 death knights
  8 hell hogs
  9 vampire magi
  3 thrashing horrors
  Urug (D:10)
  5 tengu warriors
  24 deep elf knights
  13 deep troll earth magi
  An orc high priest (Orc:1)
  5 spriggan berserkers
  2 titan zombies
  18 naga sharpshooters
  3 soul eaters
  9 sun demons
  5 iron trolls
  An iron golem (Dis:2)
  A storm dragon zombie (Vaults:2)
  18 hell knights
  2 shock serpents
  A fire crab (shapeshifter) (Depths:4)
  A fire crab (Vaults:5)
  5 shadow wraiths
  4 salamander mystics
  A hellephant skeleton (Crypt:3)
  3 wretched stars
  12 swamp dragons
  A golden dragon zombie (Crypt:2)
  51 skeletal warriors
  An obsidian statue (Depths:1)
  A death drake (shapeshifter) (Elf:2)
  3 unseen horrors
  A spark wasp zombie (Crypt:1)
  5 anaconda zombies
  16 deep trolls
  An unseen horror (shapeshifter) (Vaults:4)
  8 giant orange brains
  13 flayed ghosts
  A kraken simulacrum (Hell)
  An anubis guard (shapeshifter) (Vaults:5)
  2 spriggan druids
  A shadow demon (Depths:1)
  6 phantasmal warriors
  10 ironbrand convokers
  8 naga ritualists
  Pikel (D:7)
  A shadow dragon zombie (Dis:2)
  61 deep elf magi
  8 hill giants
  10 necromancers
  17 orc knights
  A shambling mangrove (Swamp:1)
  19 deep elf archers
  An orange crystal statue (Depths:3)
  A fire giant zombie (Dis:2)
  4 harpies (Vaults:2)
  3 frost giant zombies
  A sphinx zombie (Depths:1)
  A statue (Volcano)
  5 hornets
  9 mana vipers
  9 orc sorcerers
  A mana viper (shapeshifter) (Depths:5)
  5 oklob plants (Lair:8)
  8 wolf spiders
  2 stone giant zombies
  58 ugly things
  7 cyclopes
  3 manticores
  2 sixfirhies
  4 griffons
  11 shining eyes
  16 salamanders
  3 iron dragon zombies
  4 wizards
  3 dire elephant zombies
  A worldbinder (Abyss:3)
  A guardian serpent (shapeshifter) (Vaults:5)
  Maurice (D:8)
  47 black mambas
  24 naga magi
  2 fire giant skeletons
  An octopode (shapeshifter) (Vaults:3)
  4 guardian serpents
  23 vault sentinels
  3 eyes of devastation
  A frost giant skeleton (Crypt:2)
  Joseph (Lair:1)
  27 elephants
  27 spiny frogs
  An apocalypse crab (Abyss:1)
  5 smoke demons
  A gargoyle (D:15)
  6 orange demons
  23 rust devils
  A toenail golem (Volcano)
  A torpor snail (shapeshifter) (Vaults:3)
  An emperor scorpion zombie (Dis:2)
  4 spectral swamp worms (Depths:4)
  3 ice statues (IceCv)
  A purple draconian zombie (Crypt:1)
  2 spiny frogs (shapeshifter)
  3 kobold demonologists
  A dire elephant skeleton (Crypt:1)
  4 rime drakes
  10 komodo dragons
  An elephant slug zombie (Crypt:1)
  6 hellions
  3 anaconda simulacra
  5 efreet
  10 freezing wraiths
  A yaktaur zombie (D:15)
  3 yaktaurs (shapeshifter)
  4 tengu conjurers
  22 ice devils
  63 yaktaurs
  A red draconian skeleton (Crypt:1)
  10 tormentors
  A golden dragon simulacrum (IceCv)
  2 iron troll zombies (Dis:2)
  3 hellwings
  8 guardian mummies (Crypt:3)
  2 queen bees
  A queen bee (shapeshifter) (Vaults:4)
  An ancient zyme (Abyss:3)
  A queen ant zombie (Crypt:3)
  2 jumping spiders (shapeshifter)
  4 iron troll skeletons (Dis:2)
  7 red devils
  12 trolls
  7 polar bears
  2 hydra skeletons
  7 giant leeches
  A harpy zombie (Crypt:3)
  4 jumping spiders
  2 harpy skeletons
  2 tengu simulacra
  A raiju (shapeshifter) (Vaults:3)
  3 hydra zombies (Hell)
  10 blink frogs
  A griffon zombie (Crypt:1)
  An ice dragon zombie (Crypt:1)
  23 two-headed ogres
  Prince Ribbit (D:7)
  3 boulder beetles
  13 raiju
  2 death drake skeletons
  12 bog bodies
  144 slime creatures
  A deep troll zombie (Depths:1)
  3 human simulacra
  2 ettin zombies
  2 flying skulls
  A fire giant simulacrum (Vaults:2)
  2 alligator zombies
  A deep troll skeleton (Depths:1)
  2 fire dragon zombies
  A tarantella (shapeshifter) (Depths:5)
  22 redbacks
  Sigmund (D:2)
  An ice dragon skeleton (D:15)
  9 shadows
  6 water elementals
  11 air elementals
  11 spriggans
  2 tarantellas
  4 ynoxinuls
  An alligator skeleton (Hell)
  2 basilisks (shapeshifter)
  A dire elephant simulacrum (IceCv)
  4 vampires
  44 yaks
  A fire bat (Volcano)
  8 wyverns
  8 fire elementals
  17 humans (D:14)
  2 basilisks
  16 wraiths
  A hungry ghost (D:8)
  2 steam dragons
  14 hippogriffs
  22 golden eyes
  2 hogs (D:15)
  A human (shapeshifter) (Elf:2)
  41 vampire mosquitoes
  2 hippogriffs (shapeshifter)
  A redback simulacrum (D:15)
  2 neqoxecs (Abyss:1)
  17 swamp worms
  4 mottled dragons
  An iron troll simulacrum (IceCv)
  20 large abominations
  54 nagas
  A harpy simulacrum (IceCv)
  A swamp worm (shapeshifter) (Vaults:1)
  3 spatial vortices (Dis:1)
  5 insubstantial wisps (Abyss:1)
  A merfolk zombie (Crypt:3)
  9 wargs
  A soldier ant (shapeshifter) (Vaults:4)
  A soldier ant (D:12)
  4 hydra simulacra (IceCv)
  14 water moccasins
  A spiny frog zombie (Abyss:1)
  2 tengu zombies
  19 hell hounds
  9 porcupines
  A merfolk skeleton (Crypt:3)
  15 swamp drakes
  40 orc warriors
  An anubis guard zombie (Crypt:3)
  3 ice beasts
  5 sky beasts
  A lindwurm zombie (Crypt:2)
  2 black bears (shapeshifter)
  6 black bears
  18 wasps
  13 necrophages
  6 phantoms
  7 small abominations
  73 ogres
  17 wolves
  4 boggarts (Depths:1)
  9 eyes of draining
  11 centaurs
  2 snapping turtle skeletons
  24 crocodiles
  An elf skeleton (Vaults:2)
  A crocodile (shapeshifter) (Depths:1)
  5 big kobolds
  A draconian zombie (Crypt:3)
  3 elf zombies (Ossuary)
  22 giant frogs
  A yaktaur skeleton (Crypt:1)
  Blork the orc (D:4)
  An earth elemental (Elf:3)
  3 wyvern zombies
  A komodo dragon skeleton (Crypt:2)
  2 wyvern skeletons (D:11)
  7 scorpions
  A shapeshifter zombie (Crypt:2)
  20 wights
  47 killer bees
  A yak skeleton (Crypt:2)
  3 howler monkeys
  2 electric eels
  4 quasits
  3 lava snakes (Volcano)
  19 crimson imps
  3 giant frog zombies
  7 centaur zombies
  15 starcursed masses (Abyss:1)
  2 hounds
  35 orc wizards
  28 orc priests
  37 jellies
  10 iron imps
  7 centaur skeletons
  A giant frog skeleton (D:13)
  15 worker ants
  12 iguanas
  17 sheep
  A mottled dragon zombie (Crypt:1)
  2 big kobold zombies (Ossuary)
  A demigod zombie (Crypt:3)
  A naga skeleton (Crypt:3)
  A hound zombie (D:8)
  6 mummies
  A howler monkey zombie (Crypt:1)
  2 worker ant zombies
  24 adders
  2 howler monkey skeletons (D:9)
  39 river rats
  8 shadow imps
  14 white imps
  An ufetubus (Abyss:1)
  3 oozes
  2 adder skeletons
  4 adder zombies
  4 worms
  12 dart slugs
  8 giant geckos
  109 orcs
  2 ball pythons
  5 giant cockroaches
  3 gnoll zombies (Ossuary)
  5 goblins
  4 hobgoblins
  2 jackals (D:6)
  8 quokkas
  5 bats
  5 giant newts
  2 goblin zombies (Ossuary)
  5 hobgoblin zombies (Ossuary)
  3 jackal zombies
  24 kobolds
  4 kobold zombies (Ossuary)
  4 orc zombies
  4 quokka skeletons
  3 quokka zombies (Ossuary)
  9 rats
  6 rat zombies (Ossuary)
  2 fire vortices (Hell)
  79 fungi
  2 lost souls
  95 plants
  9 starspawn tentacles
  9 withered plants (D:15)
3489 creatures vanquished.

Vanquished Creatures (collateral kills)
  A plant (Lair:4)
1 creature vanquished.

Vanquished Creatures (others)
  A shadow dragon (Vaults:5)
  A fire giant (Depths:2)
  A frost giant (Depths:2)
  A very ugly thing (Depths:4)
  A red draconian (Depths:5)
  A spark wasp (Depths:4)
  An ettin (Depths:3)
  A yaktaur captain (Depths:5)
  A death knight (Crypt:3)
  An ogre mage (Orc:2)
  A hell hog (Hell)
  2 deep elf knights (Elf:2)
  A hell knight (Dis:2)
  A mana viper (Snake:4)
  A necromancer (D:14)
  A deep elf mage (Elf:1)
  A harpy (shapeshifter) (Elf:3)
  A spectral swamp worm (Depths:4)
  4 yaktaurs
  A centaur skeleton (D:15)
  A freezing wraith (Dis:2)
  A two-headed ogre (Vaults:5)
  3 golden eyes (Abyss:1)
  A naga (Snake:4)
  A swamp worm (Swamp:3)
  2 ogres
  2 humans
  An earth elemental (Elf:2)
  2 orcs
  39 eldritch tentacle segments (Dis:2)
  23 fungi
  3 lost souls
  A lurking horror (Abyss:3)
  59 plants
  18 starspawn tentacles
  128 starspawn tentacle segments
  4 tentacles (Hell)
  112 tentacle segments (Hell)
425 creatures vanquished.

Grand Total: 3915 creatures vanquished

Notes
Turn   | Place    | Note
--------------------------------------------------------------
     0 | D:1      | dvd the Gargoyle Gladiator began the quest for the Orb.
     0 | D:1      | Reached XP level 1. HP: 12/12 MP: 1/1
   423 | D:1      | Reached XP level 2. HP: 18/18 MP: 2/2
   773 | D:2      | Noticed Sigmund
   859 | D:3      | Reached XP level 3. HP: 21/22 MP: 3/3
  1255 | D:3      | Reached XP level 4. HP: 27/27 MP: 4/4
  1394 | D:3      | Reached skill level 1 in Armour
  1800 | D:3      | Noticed a phantom
  2374 | D:2      | Found a glowing golden altar of the Shining One.
  2517 | D:2      | Reached XP level 5. HP: 32/32 MP: 5/5
  2530 | D:2      | Found a blossoming altar of Fedhas.
  2678 | D:2      | Killed Sigmund
  2678 | D:2      | Reached skill level 1 in Slings
  2678 | D:2      | Reached skill level 1 in Shields
  2678 | D:2      | Reached XP level 6. HP: 14/37 MP: 6/6
  3017 | D:3      | Killed a phantom
  3137 | D:4      | Noticed a phantom
  3184 | D:4      | Killed a phantom
  3184 | D:4      | Reached XP level 7. HP: 21/43 MP: 7/7
  3506 | D:4      | Found a staircase to the Ecumenical Temple.
  3516 | Temple   | Entered the Ecumenical Temple
  3603 | D:4      | Noticed Blork the orc
  3611 | D:4      | Killed Blork the orc
  3908 | D:4      | Found an oddly glowing altar of Pakellas.
  4067 | D:5      | Entered Level 5 of the Dungeon
  4079 | D:5      | Reached skill level 1 in Stealth
  4287 | D:5      | Reached skill level 2 in Shields
  4287 | D:5      | Reached XP level 8. HP: 48/48 MP: 8/8
  4768 | D:6      | Found a glowing drain.
  4856 | Sewer    | Entered a sewer
  4874 | Sewer    | Noticed ThereIsNoGod's ghost (novice MiFi)
  5126 | D:6      | Reached skill level 3 in Shields
  5253 | D:6      | Reached skill level 5 in Fighting
  5552 | D:6      | Found a deep blue altar of Sif Muna.
  5553 | D:6      | Found a white marble altar of Elyvilon.
  5553 | D:6      | Found a burning altar of Makhleb.
  5553 | D:6      | Found a sparkling altar of Nemelex Xobeh.
  5558 | D:6      | Found an opulent altar of Gozag.
  5558 | D:6      | Found a stormy altar of Qazlal.
  5558 | D:6      | Found a glowing silver altar of Zin.
  5591 | D:6      | Reached skill level 5 in Dodging
  5602 | D:6      | Became a worshipper of Qazlal Stormbringer
  5640 | D:6      | Reached skill level 5 in Axes
  6030 | D:6      | Reached skill level 4 in Shields
  6030 | D:6      | Reached XP level 9. HP: 34/54 MP: 9/9
  6462 | D:7      | Noticed Prince Ribbit
  6486 | D:7      | Killed Prince Ribbit
  6701 | D:7      | Reached * piety under Qazlal
  6740 | D:7      | Found an iron altar of Okawaru.
  7112 | D:7      | Noticed Pikel
  7130 | D:7      | Killed Pikel
  7130 | D:7      | Reached skill level 5 in Shields
  7226 | D:7      | Found an ancient bone altar of Kikubaaqudgha.
  7400 | D:7      | Found an iron altar of Okawaru.
  7453 | D:7      | Reached skill level 5 in Armour
  7467 | D:7      | Reached XP level 10. HP: 60/60 MP: 10/10
  7708 | D:7      | Gained mutation: Armour fits poorly on your strangely shaped body. [potion of mutation]
  7708 | D:7      | Gained mutation: Your mind is acute. (Int +2) [potion of mutation]
  7708 | D:7      | Gained mutation: You have large cloven feet. [potion of mutation]
  7816 | D:8      | Found Hutreagu's Antique Armour Shop.
  7967 | D:8      | Reached ** piety under Qazlal
  7991 | D:8      | Bought an ancient scale mail for 216 gold pieces
  8001 | D:8      | Identified the +0 scale mail "Geceiq" {rF- MR+ Int+4 Dex+2} (You bought it in a shop on level 8 of the Dungeon)
  8020 | D:8      | Reached skill level 6 in Shields
  8021 | D:8      | Found Zylaokh's Antique Weapon Emporium.
  8044 | D:8      | Found Veasuus Nyul's Jewellery Boutique.
  8044 | D:8      | Found Unkeicki's Armour Emporium.
  8045 | D:8      | Bought a glowing war axe for 94 gold pieces
  8049 | D:8      | Found Raase's Book Boutique.
  8107 | D:8      | HP: 1/60 [orc priest/divine providence (12)]
  8255 | D:8      | Found a sand-covered staircase.
  8259 | Ossuary  | Entered an ossuary
  8559 | Ossuary  | Reached *** piety under Qazlal
  8591 | Ossuary  | Gained mutation: You have hoof-like feet. [potion of mutation]
  8591 | Ossuary  | Gained mutation: You are frail (-10% HP). [potion of mutation]
  9026 | D:8      | Found an ancient bone altar of Kikubaaqudgha.
  9068 | D:8      | Noticed Maurice
  9071 | D:8      | Killed Maurice
  9071 | D:8      | Reached skill level 5 in Slings
  9071 | D:8      | Reached skill level 7 in Shields
  9302 | D:9      | Found a basalt altar of Yredelemnul.
  9396 | D:9      | Found Jaew Hos's Weapon Boutique.
  9479 | D:9      | Found a sacrificial altar of Ru.
  9598 | D:9      | You fall through a shaft for 3 floors!
  9598 | D:12     | Noticed a green ugly thing
  9598 | D:12     | Noticed a hill giant
  9623 | D:11     | You fall through a shaft for 2 floors!
  9757 | D:13     | Reached **** piety under Qazlal
  9989 | D:11     | Noticed a manticore
  9990 | D:11     | Noticed a hill giant
 10053 | D:11     | Reached XP level 11. HP: 45/60 MP: 11/11
 10138 | D:11     | Found a staircase to the Lair.
 10153 | D:10     | Entered Level 10 of the Dungeon
 10278 | D:10     | Noticed Erica
 10298 | D:10     | Killed Erica
 10298 | D:10     | Reached skill level 8 in Shields
 10829 | D:10     | Noticed Urug
 10861 | D:10     | Killed Urug
 11077 | D:8      | Bought a +4 scale mail of magic resistance for 310 gold pieces
 11126 | D:9      | Gained mutation: Your spells are a little harder to cast, but a little more powerful. [potion of beneficial mutation]
 11387 | D:9      | Found a snail-covered altar of Cheibriados.
 11976 | D:10     | Learned a level 4 spell: Olgreb's Toxic Radiance
 11988 | D:10     | Learned a level 1 spell: Sting
 12049 | D:11     | Reached skill level 9 in Shields
 12074 | D:11     | Reached skill level 1 in Spellcasting
 12127 | D:11     | Noticed a cyclops
 12143 | D:11     | Killed a cyclops
 12143 | D:11     | Reached skill level 1 in Poison Magic
 12261 | D:11     | Found a staircase to the Orcish Mines.
 12358 | D:11     | Gained mutation: Your flesh is heat resistant. [mutagenic meat]
 12359 | D:11     | Gained mutation: You have a pair of small horns on your head. [mutagenic meat]
 12360 | D:11     | Lost mutation: You have hoof-like feet. [mutagenic meat]
 12368 | D:11     | Killed a manticore
 12389 | D:11     | Killed a hill giant
 12389 | D:11     | Reached XP level 12. HP: 57/66 MP: 14/14
 12510 | D:11     | Reached ***** piety under Qazlal
 13056 | D:12     | Reached skill level 10 in Shields
 13573 | Lair:1   | Entered Level 1 of the Lair of Beasts
 13619 | Lair:1   | HP: 1/67 [killer bee (11)]
 14016 | Lair:1   | Noticed Joseph
 14032 | Lair:1   | Killed Joseph
 14611 | Lair:2   | Reached XP level 13. HP: 49/72 MP: 18/18
 14928 | Lair:2   | Reached ****** piety under Qazlal
 16337 | Lair:3   | Reached skill level 5 in Spellcasting
 16750 | Lair:4   | Reached skill level 5 in Poison Magic
 16901 | D:8      | Bought a glowing hat for 96 gold pieces
 17139 | Lair:4   | Reached skill level 1 in Maces & Flails
 17636 | Lair:4   | Reached skill level 11 in Shields
 17966 | Lair:5   | Learned a level 1 spell: Summon Butterflies
 18143 | Lair:5   | Reached skill level 1 in Summonings
 18307 | Lair:5   | Found a staircase to the Swamp.
 18444 | Lair:5   | Found a staircase to the Snake Pit.
 18835 | Lair:5   | Gained mutation: Your large and strong wings let you fly indefinitely. [Gargoyle growth]
 18835 | Lair:5   | Reached XP level 14. HP: 77/77 MP: 22/22
 18865 | Lair:6   | Reached skill level 1 in Invocations
 19013 | Lair:6   | Reached skill level 12 in Shields
 19171 | Lair:6   | Found a stormy altar of Qazlal.
 19592 | Lair:7   | Reached skill level 10 in Fighting
 20298 | Lair:8   | Entered Level 8 of the Lair of Beasts
 20323 | Lair:8   | Reached skill level 10 in Axes
 20359 | Lair:8   | Reached skill level 10 in Dodging
 20367 | Lair:8   | Found a dark tunnel.
 20451 | Volcano  | Entered a volcano
 20550 | Volcano  | Found a bloodstained altar of Trog.
 21021 | Lair:8   | Reached skill level 13 in Shields
 21075 | Lair:8   | Reached XP level 15. HP: 68/83 MP: 23/23
 21293 | Lair:8   | Reached skill level 5 in Summonings
 21338 | Lair:8   | Gained mutation: You are somewhat resistant to further mutation. [potion of mutation]
 21657 | Lair:8   | Lost mutation: You have a pair of small horns on your head. [potion of cure mutation]
 21657 | Lair:8   | Lost mutation: You are frail (-10% HP). [potion of cure mutation]
 21657 | Lair:8   | Lost mutation: Your flesh is heat resistant. [potion of cure mutation]
 21744 | Lair:8   | Got a bloodstained plate armour
 21755 | Lair:8   | Identified the cursed +1 plate armour of Tevumimi {rPois rC+ Dex+4} (You found it on level 8 of the Lair of Beasts)
 22308 | Lair:8   | Found a staircase to the Slime Pits.
 22826 | Snake:1  | Entered Level 1 of the Snake Pit
 22899 | Snake:1  | Gained mutation: Your body sometimes deteriorates upon taking damage. [mutagenic meat]
 22900 | Snake:1  | Gained mutation: You are weak. (Str -2) [mutagenic meat]
 23448 | Snake:2  | Noticed a greater naga
 23460 | Snake:2  | Killed a greater naga
 23528 | Snake:2  | Noticed a greater naga
 23632 | Snake:2  | Reached skill level 14 in Shields
 23643 | Snake:2  | Killed a greater naga
 23681 | Snake:2  | Noticed Aizul
 23701 | Snake:2  | Killed Aizul
 23701 | Snake:2  | Reached XP level 16. HP: 34/100 MP: 17/24
 23748 | Snake:2  | Noticed a greater naga
 23772 | Snake:1  | Gained mutation: Your spells are harder to cast, but more powerful. [mutagenic meat]
 23773 | Snake:1  | Gained mutation: Scrolls take you a little longer to read. [mutagenic meat]
 23975 | Snake:2  | Killed a greater naga
 24174 | Snake:2  | Reached skill level 5 in Invocations
 24286 | Snake:2  | Noticed Asterion
 24379 | Snake:2  | Gained mutation: You possess an exceptional clarity of mind. [mutagenic meat]
 24991 | Snake:3  | Noticed Mara
 24995 | Snake:3  | Noticed dvd's illusion
 25102 | Snake:3  | Noticed dvd's illusion
 25445 | Orc:1    | Entered Level 1 of the Orcish Mines
 25706 | Orc:2    | Entered Level 2 of the Orcish Mines
 25706 | Orc:2    | Found Koilowk's General Store.
 25708 | Orc:2    | Noticed Nessos
 25885 | Orc:1    | Reached skill level 15 in Shields
 26309 | Orc:1    | Reached skill level 10 in Armour
 26413 | Orc:2    | Noticed Saint Roka
 26880 | Orc:2    | Killed Saint Roka
 26943 | Orc:2    | Reached XP level 17. HP: 104/104 MP: 25/25
 27301 | Orc:2    | Found a roughly hewn altar of Beogh.
 27304 | Orc:2    | Found Bepteval's Assorted Antiques.
 27312 | Orc:2    | Found Ywookiom's Antique Weapon Boutique.
 27341 | Orc:2    | Killed Nessos
 27348 | Orc:2    | Found Tiggux's Food Shoppe.
 27380 | Orc:2    | Bought a scroll of enchant weapon for 217 gold pieces
 27502 | Orc:2    | Found a staircase to the Elven Halls.
 28421 | D:13     | Gained mutation: You are partially covered in large bone plates (AC +2, SH +2). [mutagenic meat]
 28645 | D:13     | Found a shadowy altar of Dithmenos.
 29022 | D:14     | Gained mutation: Your spells are much harder to cast, but much more powerful. [mutagenic meat]
 29023 | D:14     | Lost mutation: Your mind is acute. (Int +2) [mutagenic meat]
 29026 | D:14     | Lost mutation: You are weak. (Str -2) [mutagenic meat]
 29029 | D:14     | Lost mutation: Your body sometimes deteriorates upon taking damage. [mutagenic meat]
 29032 | D:14     | Gained mutation: Your body sometimes deteriorates upon taking damage. [mutagenic meat]
 29336 | D:14     | Got an amber-encrusted plate armour
 29347 | D:14     | Identified the +10 plate armour "Iwerr" {rPois rC- Slay+2} (You took it off a human on level 14 of the Dungeon)
 29402 | D:14     | Found a gate to the Vaults.
 29775 | D:15     | Entered Level 15 of the Dungeon
 29795 | D:15     | Found an oddly glowing altar of Pakellas.
 29828 | D:15     | Noticed Kirke
 29835 | D:15     | Killed Kirke
 29841 | D:15     | Found a staircase to the Depths.
 30180 | D:15     | Found a portal to a secret trove of treasure.
 30803 | Swamp:1  | Entered Level 1 of the Swamp
 30845 | Swamp:1  | Found a bloodstained altar of Trog.
 31053 | Swamp:1  | Reached skill level 16 in Shields
 31299 | Swamp:1  | Reached XP level 18. HP: 112/112 MP: 26/26
 31858 | Swamp:2  | Noticed Roxanne
 31889 | Swamp:2  | Killed Roxanne
 31891 | Swamp:2  | Identified Roxanne's Catalogue of Clay (You took it off Roxanne on level 2 of the Swamp)
 32290 | Swamp:3  | Found a frozen archway.
 32352 | IceCv    | Entered an ice cave
 33276 | IceCv    | Lost mutation: You have large cloven feet. [potion of cure mutation]
 33276 | IceCv    | Lost mutation: Armour fits poorly on your strangely shaped body. [potion of cure mutation]
 33276 | IceCv    | Lost mutation: Your body sometimes deteriorates upon taking damage. [potion of cure mutation]
 33276 | IceCv    | Lost mutation: Scrolls take you a little longer to read. [potion of cure mutation]
 33276 | IceCv    | Lost mutation: Your spells are much harder to cast, but much more powerful. [potion of cure mutation]
 33286 | IceCv    | Got a shimmering ring mail
 33297 | IceCv    | Identified the +2 ring mail of a Thousand Demons {rF- rN+ MP+9 SInv} (You found it in an ice cave)
 34079 | Swamp:4  | Entered Level 4 of the Swamp
 34085 | Swamp:4  | Noticed rockintein's ghost (adept MiBe)
 34091 | Swamp:4  | Noticed a tentacled monstrosity
 34112 | Swamp:4  | Killed a tentacled monstrosity
 34119 | Swamp:4  | Killed rockintein's ghost
 34888 | Swamp:4  | Reached skill level 17 in Shields
 34955 | Swamp:4  | Got a decaying rune of Zot
 35418 | Vaults:1 | Entered Level 1 of the Vaults
 35510 | Vaults:1 | Reached XP level 19. HP: 115/118 MP: 27/27
 35897 | Vaults:1 | Noticed Wiglaf
 35919 | Vaults:1 | Killed Wiglaf
 36080 | Vaults:1 | Gained mutation: Your spells are much harder to cast, but much more powerful. [mutagenic meat]
 36081 | Vaults:1 | Lost mutation: You possess an exceptional clarity of mind. [mutagenic meat]
 36082 | Vaults:1 | Gained mutation: You are resistant to hostile enchantments. [mutagenic meat]
 36438 | Vaults:1 | Found Hipyjom's General Store.
 36441 | Vaults:1 | Bought a potion of heal wounds for 65 gold pieces
 37688 | Vaults:3 | Noticed an Ice Fiend
 37690 | Vaults:3 | Reached XP level 20. HP: 78/125 MP: 28/28
 37696 | Vaults:3 | Reached skill level 18 in Shields
 37926 | Vaults:3 | Found a magical portal.
 37997 | Vaults:3 | Gained mutation: Armour fits poorly on your strangely shaped body. [mutagenic meat]
 38538 | Vaults:3 | Gained mutation: You can translocate small distances at will. [mutagenic meat]
 38540 | Vaults:3 | Lost mutation: You are resistant to hostile enchantments. [mutagenic meat]
 39028 | Vaults:3 | Got a heavy robe
 39046 | Vaults:3 | Identified the +0 robe of Akhaagos {rElec Str+3} (You found it on level 3 of the Vaults)
 39526 | Vaults:3 | Found a staircase to the Crypt.
 39768 | Vaults:4 | Reached skill level 15 in Axes
 39916 | Vaults:4 | Got a jewelled cloak
 39965 | Vaults:4 | Identified the +2 cloak of Kiteip {rN+ Str+2 Int+4} (You found it on level 4 of the Vaults)
 40501 | Vaults:4 | Noticed a golden dragon
 40515 | Vaults:4 | Killed a golden dragon
 40517 | Vaults:4 | Reached skill level 15 in Armour
 40600 | Vaults:4 | Reached XP level 21. HP: 131/132 MP: 29/29
 40621 | Vaults:4 | Gained mutation: Your flesh is heat resistant. [mutagenic meat]
 40624 | Vaults:4 | Lost mutation: Your spells are much harder to cast, but much more powerful. [mutagenic meat]
 41311 | Elf:1    | Entered Level 1 of the Elven Halls
 41434 | Elf:1    | Reached skill level 19 in Shields
 41458 | Elf:1    | Gained mutation: You are weak. (Str -2) [a neqoxec]
 41494 | Elf:1    | Identified the Guide on Arcane Weapons
 41975 | Elf:1    | Found Jopeosk's Jewellery Shoppe.
 42044 | Elf:1    | Found Ugafapt's Weapon Shop.
 42066 | Elf:1    | Found Lastitop's Antique Armour Shop.
 42069 | Elf:1    | Bought a scorched chain mail for 275 gold pieces
 42079 | Elf:1    | Identified the cursed +0 chain mail of the Game of Life {+Blink Regen+ Str-4 Int+3} (You bought it in a shop on level 1 of the Elven Halls)
 42110 | Elf:1    | Found Obliveso's General Store.
 42118 | Elf:1    | Bought a scroll of enchant weapon for 120 gold pieces
 42118 | Elf:1    | Bought a +1 pair of gloves of dexterity for 264 gold pieces
 42701 | Elf:2    | Found a huge runed gate.
 42701 | Elf:2    | Found a huge runed gate.
 42701 | Elf:2    | Found a huge runed gate.
 42701 | Elf:2    | Found a huge runed gate.
 42708 | Elf:2    | Found a huge runed gate.
 42858 | Elf:2    | Got a scorched bronze ring
 42860 | Elf:2    | Identified the ring of Oniada {rPois rF+ Str-4 Int+5 Dex+2} (You found it on level 2 of the Elven Halls)
 43503 | Elf:3    | Entered Level 3 of the Elven Halls
 43533 | Elf:3    | Found a shimmering altar of Xom.
 43681 | Elf:3    | Reached skill level 10 in Invocations
 43699 | Elf:3    | Reached XP level 22. HP: 128/138 MP: 24/30
 43943 | Elf:3    | Learned a level 8 spell: Borgnjor's Revivification
 43991 | Elf:3    | Identified the Guide on the Excruciating Birds
 44052 | Elf:3    | Got a fine spear
 44053 | Elf:3    | Identified the +9 spear of Unpleasantness {pierce, MR+ Int+6} (You found it on level 3 of the Elven Halls)
 44107 | Elf:3    | Got a pair of spiked gloves
 44118 | Elf:3    | Identified the +2 pair of gloves of the Thirteen Seas {rPois Regen+ Int-3 Stlth+} (You found it on level 3 of the Elven Halls)
 44130 | Elf:3    | Identified the Compendium of Nocuous Heat
 44200 | Elf:3    | Got a slimy turquoise ring
 44201 | Elf:3    | Identified the cursed ring "Ogucygus" {rN+++ MR- Str+3 Slay-2 Stlth+} (You found it on level 3 of the Elven Halls)
 44448 | Elf:3    | Gained mutation: You are partially covered in yellow scales (AC +2). [potion of mutation]
 45076 | Snake:3  | Killed Mara
 45076 | Snake:3  | Reached skill level 20 in Shields
 45091 | Snake:3  | Lost mutation: Your spells are harder to cast, but more powerful. [mutagenic meat]
 45206 | Snake:3  | Reached skill level 15 in Fighting
 45415 | Snake:3  | Killed Asterion
 45418 | Snake:3  | Got a faintly humming shield
 45429 | Snake:3  | Identified the cursed +0 shield of Seicex {rN++} (You took it off Asterion on level 3 of the Snake Pit)
 45584 | Snake:3  | Noticed Vashnia
 45606 | Snake:3  | Killed Vashnia
 46032 | Snake:4  | Entered Level 4 of the Snake Pit
 46037 | Snake:4  | Noticed Agnes
 46048 | Snake:4  | Killed Agnes
 46491 | Snake:4  | Got a serpentine rune of Zot
 46665 | Snake:4  | Learned a level 2 spell: Blink
 46996 | Depths:1 | Entered Level 1 of the Depths
 47002 | Depths:1 | Noticed 8Hooves2Appendages's ghost (journeyman MfIE)
 47029 | Depths:1 | Killed 8Hooves2Appendages's ghost
 47029 | Depths:1 | Reached XP level 23. HP: 144/144 MP: 31/31
 47103 | Depths:1 | Reached skill level 1 in Translocations
 47274 | Depths:1 | Found a gateway to Hell.
 47449 | Depths:1 | Found a gateway to a bazaar.
 47472 | Bazaar   | Entered a bazaar
 47485 | Bazaar   | Found Veonuune's Distillery.
 47485 | Bazaar   | Found Derhana's Armour Shoppe.
 47491 | Bazaar   | Bought a potion of curing for 27 gold pieces
 47491 | Bazaar   | Bought a potion of heal wounds for 45 gold pieces
 47491 | Bazaar   | Bought a potion of haste for 90 gold pieces
 47491 | Bazaar   | Bought a potion of heal wounds for 45 gold pieces
 47491 | Bazaar   | Bought a potion of magic for 72 gold pieces
 47491 | Bazaar   | Bought a potion of heal wounds for 45 gold pieces
 47491 | Bazaar   | Bought a potion of magic for 72 gold pieces
 47521 | Bazaar   | Found Totwaoff's Antique Weapon Emporium.
 47521 | Bazaar   | Found Oloan's Jewellery Emporium.
 47539 | Bazaar   | Bought the ring "Kunup" {*Corrode rElec rPois rC+ Dex+4 SInv} for 528 gold pieces
 47641 | D:15     | You paid a toll of 11 potions of heal wounds to enter a treasure trove
 47642 | Trove    | Entered a treasure trove
 47655 | Trove    | Got a translucent helmet
 47666 | Trove    | Identified the +2 helmet of Seunon {Dex+8} (You found it in a treasure trove)
 47667 | Trove    | Got a pair of ancient boots
 47678 | Trove    | Identified the +0 pair of boots of Fejowo {Int+3 Slay+3} (You found it in a treasure trove)
 47679 | Trove    | Got an ancient wooden ring
 47921 | Vaults:5 | Entered Level 5 of the Vaults
 48644 | D:15     | Identified the ring "Heehad" {Ice rElec Int+4 Stlth+} (You found it in a treasure trove)
 48943 | Depths:2 | Found a blossoming altar of Fedhas.
 48943 | Depths:2 | Found a glowing golden altar of the Shining One.
 48944 | Depths:2 | Found a shattered altar of Ashenzari.
 49151 | Depths:2 | Gained mutation: You have a pair of small horns on your head. [mutagenic meat]
 49152 | Depths:2 | Gained mutation: Your spells are harder to cast, but more powerful. [mutagenic meat]
 49153 | Depths:2 | Lost mutation: Your flesh is heat resistant. [potion of cure mutation]
 49153 | Depths:2 | Lost mutation: You have a pair of small horns on your head. [potion of cure mutation]
 49153 | Depths:2 | Lost mutation: Armour fits poorly on your strangely shaped body. [potion of cure mutation]
 49153 | Depths:2 | Lost mutation: You are weak. (Str -2) [potion of cure mutation]
 49153 | Depths:2 | Lost mutation: Your spells are harder to cast, but more powerful. [potion of cure mutation]
 49153 | Depths:2 | Lost mutation: You are somewhat resistant to further mutation. [potion of cure mutation]
 49200 | Depths:2 | Reached XP level 24. HP: 119/152 MP: 24/32
 49216 | Depths:2 | Gained mutation: You are covered in fur (AC +1). [potion of beneficial mutation]
 49217 | Depths:2 | Gained mutation: You are covered in thick fur (AC +2). [potion of beneficial mutation]
 49218 | Depths:2 | Gained mutation: You have an increased reservoir of magic (+10% MP). [potion of beneficial mutation]
 49401 | Depths:2 | Reached skill level 21 in Shields
 49724 | Depths:2 | Reached skill level 5 in Translocations
 49731 | Depths:2 | Noticed a juggernaut
 49749 | Depths:2 | Killed a juggernaut
 49776 | Depths:2 | Got an uncursed scorched dagger {holy}
 49777 | Depths:2 | Identified the +7 dagger "Geloxtem" {holy, +Inv MP+9 Int+4} (You took it off a yaktaur captain on level 2 of the Depths)
 49827 | Depths:2 | Got a faintly glowing ring mail
 49838 | Depths:2 | Identified the +3 ring mail "Jionti" {rElec rC- Regen+ Stlth+} (You found it on level 2 of the Depths)
 49990 | Depths:2 | Noticed the Enchantress
 50031 | Depths:2 | Killed the Enchantress
 50033 | Depths:2 | Got a faerie dragon armour
 50034 | Depths:2 | Identified the +4 faerie dragon armour {rN+} (You took it off the Enchantress on level 2 of the Depths)
 51004 | Vaults:5 | Reached XP level 25. HP: 159/159 MP: 11/36
 51354 | Vaults:5 | Got an ichor-stained leather armour
 51355 | Vaults:5 | Identified the +3 leather armour "Libe" {*Drain Regen+ rCorr Dex+5} (You found it on level 5 of the Vaults)
 51469 | Vaults:5 | Identified a scroll of acquirement
 51615 | Vaults:5 | Got a slimy chain mail
 51616 | Vaults:5 | Identified the +5 chain mail of the Blessed Realm {rPois} (You took it off an orc warrior on level 5 of the Vaults)
 51636 | Vaults:5 | Got a crystal flail {venom}
 51637 | Vaults:5 | Identified the +5 flail of Chaos {venom, rElec Str+3 Dex-4} (You took it off a vault sentinel on level 5 of the Vaults)
 51687 | Vaults:5 | Got a jewelled hunting sling
 51688 | Vaults:5 | Identified the +1 hunting sling of Mose {venom, SInv} (You took it off an orc knight on level 5 of the Vaults)
 51696 | Vaults:5 | Got a vibrating copper ring
 51698 | Vaults:5 | Identified the ring "Gicemn" {rCorr MP+9 Dex+3 Slay+3} (You found it on level 5 of the Vaults)
 52219 | Vaults:5 | Found Vyutuest's General Store.
 52365 | Vaults:5 | Got a silver rune of Zot
 52372 | Vaults:5 | Got a spiked chain mail
 52373 | Vaults:5 | Identified the cursed +1 chain mail "Ciwidw Epuu" {*Contam rCorr Str+6} (You found it on level 5 of the Vaults)
 52721 | Vaults:5 | Identified the Papyrus of Dark Glamour (You found it on level 5 of the Vaults)
 53148 | Slime:1  | Entered Level 1 of the Pits of Slime
 53150 | Slime:1  | Gained mutation: Your body sometimes deteriorates upon taking damage. [a shining eye]
 53152 | Slime:1  | Gained mutation: You expend magic power (3 MP) to strengthen your wands. [a shining eye]
 53342 | Slime:2  | Gained mutation: You are clumsy. (Dex -2) [a shining eye]
 53379 | Slime:2  | Gained mutation: Your body often deteriorates upon taking damage. [a shining eye]
 53383 | Slime:2  | Gained mutation: You are very clumsy. (Dex -4) [a shining eye]
 53871 | Slime:1  | Gained mutation: You are frail (-10% HP). [a shining eye]
 54127 | Slime:3  | Reached XP level 26. HP: 148/149 MP: 29/37
 54427 | Slime:4  | Gained mutation: You are occasionally teleported next to monsters. [a shining eye]
 54948 | Slime:5  | Lost mutation: You have an increased reservoir of magic (+10% MP). [a shining eye]
 54952 | Slime:5  | Gained mutation: Armour fits poorly on your strangely shaped body. [a shining eye]
 54958 | Slime:5  | Gained mutation: You are weak. (Str -2) [a shining eye]
 55281 | Slime:6  | Entered Level 6 of the Pits of Slime
 55315 | Slime:6  | Noticed the Royal Jelly
 55401 | Slime:6  | Lost mutation: Armour fits poorly on your strangely shaped body. [a shining eye]
 55810 | Slime:6  | Killed the Royal Jelly
 55810 | Slime:6  | Reached skill level 22 in Shields
 55810 | Slime:6  | Reached skill level 15 in Invocations
 56211 | Slime:6  | Learned a level 5 spell: Aura of Abjuration
 56237 | Slime:6  | Identified a +7 rod of shadows (13/13) (You found it on level 6 of the Pits of Slime)
 56282 | Slime:6  | Got a crude sapphire amulet
 56284 | Slime:6  | Identified the amulet "Ruceino" {Inacc rElec Int+4} (You found it on level 6 of the Pits of Slime)
 56444 | Slime:6  | Got a slimy rune of Zot
 56455 | Slime:6  | Got a flickering platinum amulet
 56457 | Slime:6  | Identified the amulet of Isiomo {Faith rF+ MP+9} (You found it on level 6 of the Pits of Slime)
 56538 | Slime:6  | Got a crude bone amulet
 56539 | Slime:6  | Identified the amulet of the Nine Lives {Reflect MR+ SH+5} (You found it on level 6 of the Pits of Slime)
 56555 | Slime:6  | Got a polished flail
 56556 | Slime:6  | Identified the +2 flail of Success {drain, rN++} (You found it on level 6 of the Pits of Slime)
 56559 | Slime:6  | Got a slimy large shield
 56570 | Slime:6  | Identified the +3 large shield "Xyto" {-Cast Regen+ Str+2 Dex+7} (You acquired it on level 6 of the Pits of Slime)
 56572 | Slime:6  | Lost mutation: You expend magic power (3 MP) to strengthen your wands. [potion of cure mutation]
 56572 | Slime:6  | Lost mutation: You are very clumsy. (Dex -4) [potion of cure mutation]
 56572 | Slime:6  | Lost mutation: Your spells are a little harder to cast, but a little more powerful. [potion of cure mutation]
 56572 | Slime:6  | Lost mutation: You are weak. (Str -2) [potion of cure mutation]
 56572 | Slime:6  | Lost mutation: You are frail (-10% HP). [potion of cure mutation]
 56599 | Slime:6  | Got an ichor-stained scale mail
 56610 | Slime:6  | Identified the +3 scale mail of the Sun {rPois rC+ Int-3} (You found it on level 6 of the Pits of Slime)
 57296 | Depths:3 | Noticed a juggernaut
 57331 | Depths:3 | Killed a juggernaut
 57370 | Depths:3 | Noticed a juggernaut
 57459 | Depths:3 | Killed a juggernaut
 57625 | Depths:3 | Lost mutation: Your body often deteriorates upon taking damage. [potion of mutation]
 57625 | Depths:3 | Lost mutation: Your body sometimes deteriorates upon taking damage. [potion of mutation]
 57625 | Depths:3 | Gained mutation: You are very clumsy. (Dex -4) [potion of mutation]
 57667 | Depths:3 | Identified Baidocef's Papyrus of Combat Magic and Curses
 57709 | Depths:3 | Found Noivof's Distillery.
 57717 | Depths:3 | Bought a potion of experience for 600 gold pieces
 57717 | Depths:3 | Bought a potion of heal wounds for 60 gold pieces
 57717 | Depths:3 | Bought a potion of heal wounds for 60 gold pieces
 57717 | Depths:3 | Bought a potion of curing for 36 gold pieces
 57717 | Depths:3 | Bought a potion of mutation for 30 gold pieces
 57717 | Depths:3 | Gained mutation: You are mostly covered in yellow scales (AC +3). [potion of mutation]
 57717 | Depths:3 | Gained mutation: You are somewhat resistant to further mutation. [potion of mutation]
 57728 | Depths:3 | Found Lafebass's Jewellery Shoppe.
 57839 | Depths:3 | Reached XP level 27. HP: 158/172 MP: 34/34
 57860 | Depths:3 | Noticed Louise
 57881 | Depths:3 | Killed Louise
 58183 | Depths:3 | Found a one-way gate leading to the halls of Pandemonium.
 58239 | Depths:3 | Found a one-way gate to the infinite horrors of the Abyss.
 58499 | Hell     | Entered the Vestibule of Hell
 58499 | Hell     | Noticed Geryon
 58511 | Hell     | Noticed Murray
 58876 | Depths:4 | Gained mutation: Your spells are a little easier to cast, but a little less powerful. [mutagenic meat]
 58906 | Depths:4 | Gained mutation: Your muscles are strong. (Str +2) [mutagenic meat]
 58907 | Depths:4 | Gained mutation: Armour fits poorly on your strangely shaped body. [mutagenic meat]
 58910 | Depths:4 | Lost mutation: Your spells are a little easier to cast, but a little less powerful. [mutagenic meat]
 59034 | Depths:4 | Lost mutation: Your muscles are strong. (Str +2) [mutagenic meat]
 59596 | Depths:5 | Entered Level 5 of the Depths
 59596 | Depths:5 | Found a gateway to a ziggurat.
 59840 | Depths:4 | Gained mutation: You are weak. (Str -2) [mutagenic meat]
 60285 | Depths:5 | Reached skill level 23 in Shields
 60396 | Depths:5 | Gained mutation: Your natural rate of healing is unusually fast. [mutagenic meat]
 60398 | Depths:5 | Gained mutation: You are frail (-10% HP). [mutagenic meat]
 60644 | Depths:5 | Found a gate to the Realm of Zot.
 60801 | Depths:5 | Killed Murray
 60983 | Hell     | Killed Geryon
 60995 | Hell     | Reached skill level 15 in Dodging
 61039 | Hell     | Found a gateway to the decaying netherworld of Tartarus.
 61100 | Hell     | Found a gateway to the freezing wastes of Cocytus.
 61234 | Hell     | Found a gateway to the Iron City of Dis.
 61275 | Hell     | Found a gateway to the ashen valley of Gehenna.
 61825 | Depths:1 | Found a runed door.
 62012 | Depths:1 | Got a spiked cloak
 62023 | Depths:1 | Identified the +1 cloak of Resilience {Str+6 Dex+2} (You found it on level 1 of the Depths)
 62260 | Crypt:1  | Entered Level 1 of the Crypt
 62265 | Crypt:1  | Noticed Jorgrun
 62276 | Crypt:1  | Noticed a greater mummy
 62285 | Crypt:1  | Noticed a greater mummy
 62285 | Crypt:1  | Killed Jorgrun
 62351 | Crypt:1  | Noticed Xtahua
 62360 | Vaults:3 | Killed a greater mummy
 62404 | Crypt:1  | Noticed a greater mummy
 62432 | Vaults:3 | Killed a greater mummy
 62495 | Crypt:1  | Noticed Khufu
 62566 | Vaults:3 | Killed Xtahua
 62596 | Vaults:3 | Killed a greater mummy
 62694 | Vaults:3 | Killed Khufu
 63289 | Crypt:2  | Noticed Boris
 63317 | Crypt:1  | Killed Boris
 63402 | Crypt:2  | Noticed Sojobo
 63435 | Crypt:1  | Killed Sojobo
 63727 | Crypt:2  | Learned a level 3 spell: Ozocubu's Armour
 63963 | Crypt:3  | Entered Level 3 of the Crypt
 64170 | Crypt:3  | Found a staircase to the Tomb.
 64335 | Crypt:3  | Noticed Donald
 64350 | Crypt:3  | Killed Donald
 64416 | Crypt:3  | Got a heavily runed chain mail
 64519 | Crypt:3  | Identified the cursed +0 chain mail of Impressiveness {Dex+3} (You took it off a skeletal warrior on level 3 of the Crypt)
 64617 | Crypt:3  | Found a basalt altar of Yredelemnul.
 64620 | Crypt:3  | Found an ancient bone altar of Kikubaaqudgha.
 64678 | Crypt:3  | Got a serpentine ivory ring
 64680 | Crypt:3  | Identified the ring "Emamur" {Wiz rElec Dex+5} (You found it on level 3 of the Crypt)
 65345 | Depths:1 | Voluntarily entered the Abyss.
 65536 | Abyss:1  | Reached skill level 24 in Shields
 66000 | Abyss:2  | Reached skill level 1 in Charms
 66000 | Abyss:2  | Reached skill level 1 in Necromancy
 66000 | Abyss:2  | Reached skill level 1 in Ice Magic
 66019 | Abyss:2  | Found a snail-covered altar of Cheibriados.
 66138 | Abyss:3  | Noticed an ancient lich
 66149 | Abyss:3  | Killed an ancient lich
 66249 | Abyss:3  | Gained mutation: Your body sometimes deteriorates upon taking damage. [a cacodemon]
 66279 | Abyss:3  | Got an abyssal rune of Zot
 66280 | Abyss:3  | Lost mutation: You are somewhat resistant to further mutation. [mutagenic meat]
 66281 | Abyss:3  | Lost mutation: You are weak. (Str -2) [mutagenic meat]
 66340 | Depths:1 | Escaped the Abyss
 66442 | Dis:1    | Entered Level 1 of the Iron City of Dis
 67532 | Dis:3    | Found a huge runed gate.
 67532 | Dis:3    | Found a huge runed gate.
 67532 | Dis:3    | Found a huge runed gate.
 67532 | Dis:3    | Found a huge runed gate.
 67532 | Dis:3    | Found a huge runed gate.
 67533 | Dis:3    | Found a huge runed gate.
 67534 | Dis:3    | Found a huge runed gate.
 67539 | Dis:3    | Found a huge runed gate.
 67539 | Dis:3    | Found a huge runed gate.
 67539 | Dis:3    | Found a huge runed gate.
 67539 | Dis:3    | Found a huge runed gate.
 67539 | Dis:3    | Found a huge runed gate.
 67539 | Dis:3    | Found a huge runed gate.
 67540 | Dis:3    | Found a huge runed gate.
 67541 | Dis:3    | Found a huge runed gate.
 67641 | Dis:3    | Found a huge runed gate.
 67642 | Dis:3    | Found a huge runed gate.
 67643 | Dis:3    | Found a huge runed gate.
 67644 | Dis:3    | Found a huge runed gate.
 67645 | Dis:3    | Found a huge runed gate.
 67650 | Dis:3    | Found a huge runed gate.
 67651 | Dis:3    | Found a huge runed gate.
 67652 | Dis:3    | Found a huge runed gate.
 67653 | Dis:3    | Found a huge runed gate.
 67654 | Dis:3    | Found a huge runed gate.
 67752 | Dis:3    | Killed from afar by a Hell Sentinel

Skill      XL: |  1  2  3  4  5  6  7  8  9 10 11 12 13 14 15 16 17 18 19 20 21 22 23 24 25 26 27 |
---------------+----------------------------------------------------------------------------------+-----
Axes           | 3 4 5 6 7 8 9 10 11 12 13 14 15 16 17 18 19 23 | 23.2
Throwing       | 2 3 4 |  4.0
Armour         | 1 2 3 4 5 6 7 9 10 11 12 14 15 16 17 18 19 21 | 21.5
Dodging        | 3 4 5 6 7 8 9 10 11 12 13 14 15 | 15.7
Fighting       | 3 4 5 6 7 8 9 10 11 12 13 14 15 16 17 19 | 19.2
Slings         | 1 3 4 5 6 |  6.4
Shields        | 1 2 4 5 7 9 10 11 13 14 15 16 17 18 19 20 21 22 24 | 24.3
Stealth        | 1 2 3 4 |  4.8
Spellcasting   | 1 3 5 7 |  7.6
Poison Magic   | 1 4 5 |  5.4
Maces & Flails | 1 2 |  2.9
Summonings     | 2 4 5 7 |  7.2
Invocations    | 1 4 6 8 9 10 11 12 13 14 15 17 | 17.1
Translocations | 4 6 7 |  7.6
Charms         | 1 |  1.5
Necromancy     | 1 |  1.0
Ice Magic      | 1 |  1.2
Evocations     | |  0.6

Action                   |  1- 3 |  4- 6 |  7- 9 | 10-12 | 13-15 | 16-18 | 19-21 | 22-24 | 25-27 || total
-------------------------+-------+-------+-------+-------+-------+-------+-------+-------+-------++-------
Melee: War axe           |    68 |   191 |   349 |   792 |  1000 |  1442 |  1471 |  1265 |  1689 ||  8267
       Headbutt          |       |       |       |    72 |   256 |       |       |       |       ||   328
       Mace              |       |       |       |       |    14 |       |       |       |       ||    14
       Morningstar       |       |       |       |       |    18 |    46 |       |       |       ||    64
       Broad axe         |       |       |       |       |       |       |       |    91 |  2243 ||  2334
 Fire: Hunting sling     |       |    21 |   103 |    96 |   104 |     8 |       |     8 |       ||   340
Throw: Tomahawk          |       |       |     4 |     1 |       |       |       |       |       ||     5
       Javelin           |       |       |       |       |       |    37 |     1 |    20 |    25 ||    83
 Cast: Aura of Abjuratio |       |       |       |       |       |       |       |       |     1 ||     1
Invok: Upheaval          |       |       |       |     2 |    10 |     9 |       |       |     4 ||    25
       Elemental Force   |       |       |       |       |     1 |       |       |       |       ||     1
       Disaster Area     |       |       |       |       |     1 |     2 |     1 |    12 |     8 ||    24
 Abil: Fly               |       |       |       |       |     1 |     1 |       |       |       ||     2
Evoke: Wand              |       |       |       |     4 |     1 |     5 |       |     1 |     2 ||    13
       Horn of Geryon    |       |       |       |       |       |       |       |       |     1 ||     1
  Use: Scroll            |       |       |     2 |    22 |    19 |    11 |     9 |    13 |    29 ||   105
       Potion            |       |       |       |    20 |     4 |     6 |     5 |    12 |    23 ||    70
 Stab: Sleeping          |     1 |       |       |       |       |       |       |       |       ||     1
       Invisible         |       |       |       |     1 |       |       |       |       |     7 ||     8
       Paralysed         |       |       |       |     1 |       |       |       |       |       ||     1
       Distracted        |       |       |       |       |       |       |     4 |     1 |     6 ||    11
       Fleeing           |       |       |       |       |       |       |       |       |     4 ||     4
  Eat: Chunk             |     1 |     6 |    15 |    29 |    41 |    65 |    47 |    31 |    60 ||   295
       Pizza             |       |       |       |     1 |     1 |       |       |       |    10 ||    12
       Royal jelly       |       |       |       |     1 |       |       |       |       |     5 ||     6
       Fruit             |       |       |       |     1 |       |       |       |       |       ||     1
       Meat ration       |       |       |       |       |       |       |       |     1 |     1 ||     2
Armor: Ring mail         |    26 |   100 |   137 |    87 |       |       |       |       |       ||   350
       Leather armour    |     1 |       |       |       |       |       |       |       |       ||     1
       Robe              |       |       |       |    27 |       |       |       |       |       ||    27
       Scale mail        |       |       |       |   161 |   239 |   328 |   222 |   272 |   902 ||  2124
Dodge: Dodged            |    39 |    97 |   134 |   344 |   327 |   431 |   257 |   540 |  1660 ||  3829
       Deflected         |       |       |       |     6 |    25 |    34 |    26 |    43 |    57 ||   191
Block: Shield            |       |    44 |   195 |   799 |  1249 |  1840 |  1455 |  1513 |   409 ||  7504
       Buckler           |       |       |       |       |       |       |       |       |  1329 ||  1329
       Large shield      |       |       |       |       |       |       |       |       |  3734 ||  3734
       Reflection        |       |       |       |       |       |       |       |       |    72 ||    72
